 Dungeon Crawl Stone Soup version 0.19-a0-16-g2b77abf (console) character file.

33143 MenacingMecha the Basher (level 13, -17/115 HPs)
             Began as a Deep Dwarf Fighter on Apr 29, 2016.
             Was a High Priest of Pakellas.
             Demolished by a very large slime creature (46 damage)
             ... on level 11 of the Dungeon on Apr 30, 2016.
             The game lasted 01:57:54 (15430 turns).

MenacingMecha the Basher (Deep Dwarf Fighter)      Turns: 15430, Time: 01:57:55

Health: -17/115    AC: 17    Str: 28    XL:     13   Next: 35%
Magic:  19/21      EV: 16    Int:  8    God:    Pakellas [*****.]
Gold:   883        SH:  5    Dex: 16    Spells: 2 memorised, 8 levels left

rFire  + . .     SeeInvis .     F - +3 whip (elec)
rCold  + . .     Gourm    .     I - +2 scale mail {rF+}
rNeg   . . .     Faith    .     q - +0 buckler
rPois  .         Spirit   .     G - +0 helmet
rElec  .         Dismiss  .     b - +0 cloak
rCorr  .         Reflect  .     P - +2 pair of gloves {Str+3}
SustAt .         Harm     .     U - +0 pair of boots
MR     +....                    (no amulet)
Stlth  ..........               H - +3 ring of strength
                                h - ring of protection from cold

@: non-regenerating, somewhat resistant to hostile enchantments, extremely
unstealthy
A: damage resistance, recharge devices, sense surroundings 2, slow regeneration
3
a: Device Recharging, Quick Charge, Device Surge, Renounce Religion


You were on level 11 of the Dungeon.
You worshipped Pakellas.
Pakellas was extremely pleased with you.
You were not hungry.

You visited 3 branches of the dungeon, and saw 19 of its levels.

You collected 1273 gold pieces.
You spent 390 gold pieces at shops.

Inventory:

Hand Weapons
 F - a +3 whip of electrocution (weapon)
 T - a +0 eveningstar of draining
Missiles
 A - 2 throwing nets
 O - 5 tomahawks (quivered)
Armour
 b - a +0 cloak (worn)
 q - a +0 buckler (worn)
 G - a +0 helmet (worn)
 I - a +2 scale mail of fire resistance (worn)
 P - a +2 pair of gloves of strength (worn)
 U - a +0 pair of boots (worn)
Rods
 n - a +2 rod of inaccuracy (9/9)
   (Pakellas gifted it to you on level 4 of the Lair of Beasts)
Jewellery
 h - a ring of protection from cold (left hand)
 s - an uncursed ring of fire
 v - an uncursed ring of protection from cold
 y - an uncursed ring of resist corrosion
 H - a +3 ring of strength (right hand)
Wands
 a - a wand of lightning (6/15)
 c - a wand of confusion (25/48)
 e - a wand of heal wounds (2/9)
 t - a wand of enslavement (4/24)
 B - a wand of confusion (27/48)
 N - a wand of random effects (26/48)
 Q - a wand of slowing (19/48)
 X - a wand of disintegration (7/24)
 Z - a wand of slowing (6/48)
Scrolls
 j - 3 scrolls of blinking
 l - 7 scrolls of identify
 m - 4 scrolls of fear
 o - 14 scrolls of remove curse
 M - 2 scrolls of fog
 V - 2 scrolls of recharging
 Y - 4 scrolls of teleportation
Potions
 d - 4 potions of might
 i - 3 potions of haste
 p - 2 potions of lignification
 z - 4 potions of curing
 E - 2 potions of magic
 J - 2 potions of agility
 K - 2 potions of flight
 L - a potion of resistance
 S - 2 potions of berserk rage
Miscellaneous
 g - a fan of gales
 x - a phantom mirror
 D - a stone of tremors
Comestibles
 f - 17 bread rations
 k - a beef jerky


   Skills:
 - Level 7.4 Fighting
 + Level 12.6 Maces & Flails
 - Level 7.3 Armour
 - Level 9.0 Dodging
 - Level 4.1 Shields
 - Level 8.0 Translocations
 - Level 7.0 Poison Magic
 - Level 12.2 Evocations


You had 8 spell levels left.
You knew the following spells:

 Your Spells              Type           Power        Failure   Level  Hunger
a - Blink                 Tloc           N/A          6%          2    ###....
b - Cure Poison           Pois           ##........   10%         2    ###....


Dungeon Overview and Level Annotations

Branches:
Dungeon (12/15)            Temple (1/1) D:6            Lair (6/8) D:8
 Shoals (0/4) Lair:4        Snake (0/4) Lair:3
  Slime: Lair:6-8       Orc: D:9-12

Altars:
Ashenzari
Cheibriados
Dithmenos
Elyvilon
Fedhas
Gozag
Kikubaaqudgha
Makhleb
Nemelex Xobeh
Okawaru
Pakellas
Qazlal
Ru
Sif Muna
Trog
Vehumet
Xom
Yredelemnul
Zin
The Shining One

Shops:
D:7 *   D:11 ?

Annotations:
D:6 electric eels
Lair:2 stash


Innate Abilities, Weirdness & Mutations

You are resistant to damage.
You can recharge devices by infusing magical energy.
You passively map the area around you.
You do not regenerate naturally.


Message History

The very large slime creature hits you.
You hit the very large slime creature.
There is a sudden explosion of sparks!
The very large slime creature is lightly wounded.
You whack the very large slime creature!
There is a sudden explosion of sparks!
The very large slime creature is moderately wounded.
The very large slime creature hits you!!
* * * LOW HITPOINT WARNING * * *
You hit the very large slime creature.
There is a sudden explosion of sparks!
The very large slime creature is moderately wounded.
You hit the very large slime creature.
The very large slime creature is moderately wounded.
You block the very large slime creature's attack.
You whack the very large slime creature!
The very large slime creature is heavily wounded.
You hit the very large slime creature.
The very large slime creature is heavily wounded.
The very large slime creature hits you!!!
You die...
Pakellas says: Time to start the next experiment...

#..........# ###
#..........# #########'##
###..# #...## #.###
####'##### #........######
#..>.....J@...######
#........####......#########
#........# ######.......†..
#........# ###########
#........# # ##########


You could see a very large slime creature.

Vanquished Creatures
  4 hydras
  A hill giant (D:7)
  2 griffons (Lair:6)
  An oklob plant (Lair:5)
  5 elephants (Lair:5)
  A siren (Lair:4)
  3 black mambas
  4 spiny frogs
  5 komodo dragons
  2 rime drakes
  Grinder (D:6)
  19 blink frogs
  Prince Ribbit (D:5)
  A slime creature (D:11)
  The ghost of Kenran the Twirler, an amateur GrGl (D:3)
  A shadow (D:11)
  3 wyverns
  50 yaks
  4 basilisks
  A hippogriff (D:10)
  A steam dragon (Lair:4)
  4 hungry ghosts
  A soldier ant (D:5)
  A naga (Lair:3)
  8 water moccasins
  6 porcupines
  2 swamp drakes (Lair:4)
  3 ice beasts
  3 sky beasts
  5 orc warriors
  A black bear (D:8)
  3 phantoms
  5 ogres
  A necrophage (D:11)
  2 centaurs
  9 crocodiles
  2 big kobolds (D:10)
  19 giant frogs
  2 scorpions (D:6)
  5 killer bees
  8 howler monkeys
  5 crimson imps
  A quasit (D:10)
  3 hounds
  4 orc priests
  Crazy Yiuf (D:3)
  11 orc wizards
  5 jellies
  3 giant frog skeletons
  3 centaur skeletons
  8 iguanas
  Natasha (thrice) (D:4 D:5)
  9 worker ants
  11 sheep (Lair:5)
  2 hound zombies
  A hound skeleton (D:4)
  A worker ant zombie (D:9)
  Robin (D:4)
  A howler monkey skeleton (D:6)
  3 gnolls (D:6)
  16 adders
  23 river rats
  An ooze (D:5)
  An adder zombie (D:5)
  3 adder skeletons
  A worm (D:2)
  2 dart slugs
  3 giant geckos
  38 orcs
  12 bats
  10 giant cockroaches
  22 goblins
  8 hobgoblins
  4 jackals
  13 kobolds
  6 quokkas
  2 giant gecko skeletons
  4 giant newts
  13 rats
  A butterfly (D:5)
  A fungus (Lair:6)
  A plant (Lair:4)
462 creatures vanquished.

Vanquished Creatures (collateral kills)
  5 yaks
5 creatures vanquished.

Vanquished Creatures (others)
  2 yaks
  20 fungi
  9 plants
31 creatures vanquished.

Grand Total: 498 creatures vanquished

Notes
Turn   | Place    | Note
--------------------------------------------------------------
     0 | D:1      | MenacingMecha the Deep Dwarf Fighter began the quest for the Orb.
     0 | D:1      | Reached XP level 1. HP: 20/20 MP: 1/1
   239 | D:1      | Reached XP level 2. HP: 21/27 MP: 2/2
  1000 | D:2      | Reached XP level 3. HP: 25/33 MP: 3/3
  1375 | D:2      | Reached XP level 4. HP: 19/40 MP: 4/4
  1422 | D:2      | Found a snail-covered altar of Cheibriados.
  1481 | D:2      | Found a shattered altar of Ashenzari.
  1502 | D:2      | Found a deep blue altar of Sif Muna.
  1820 | D:3      | Noticed Kenran's ghost (amateur GrGl)
  1933 | D:3      | Found a shimmering altar of Xom.
  1934 | D:3      | Noticed an angel
  1939 | D:3      | Found a glowing silver altar of Zin.
  2108 | D:3      | Reached skill level 5 in Maces & Flails
  2178 | D:3      | Found a bloodstained altar of Trog.
  2178 | D:3      | Found an iron altar of Okawaru.
  2383 | D:3      | Found a sparkling altar of Nemelex Xobeh.
  2507 | D:2      | Reached XP level 5. HP: 21/46 MP: 5/5
  2697 | D:3      | Found a faded altar to an unknown god.
  2804 | D:3      | Noticed a phantom
  3000 | D:4      | Noticed Natasha
  3010 | D:4      | Killed Natasha
  3183 | D:4      | Reached XP level 6. HP: 16/55 MP: 6/6
  3254 | D:4      | Noticed Robin
  3329 | D:4      | Killed Robin
  3582 | D:4      | Found a basalt altar of Yredelemnul.
  3638 | D:4      | Found a white marble altar of Elyvilon.
  3680 | D:5      | Entered Level 5 of the Dungeon
  3713 | D:4      | Noticed Natasha
  3721 | D:4      | Killed Natasha
  3865 | D:5      | Noticed Natasha
  3879 | D:5      | Killed Natasha
  3928 | D:5      | Reached XP level 7. HP: 26/61 MP: 7/7
  4011 | D:5      | Found a runed door.
  4120 | D:5      | Found a runed door.
  4350 | D:6      | Noticed Grinder
  4366 | D:6      | Killed Grinder
  4366 | D:6      | Reached skill level 1 in Dodging
  4366 | D:6      | Reached XP level 8. HP: 41/69 MP: 8/8
  4430 | D:6      | Noticed Prince Ribbit
  4475 | D:5      | Killed Prince Ribbit
  4616 | D:6      | Reached skill level 5 in Fighting
  4742 | D:6      | Found a glowing golden altar of the Shining One.
  4909 | D:6      | Found an ancient bone altar of Kikubaaqudgha.
  4948 | D:6      | Found a staircase to the Ecumenical Temple.
  4960 | D:6      | Identified the Compendium of Sinister Rituals and Translocation
  4964 | D:6      | Learned a level 2 spell: Blink
  4993 | Temple   | Entered the Ecumenical Temple
  5004 | Temple   | Became a worshipper of Pakellas the Inventive
  5372 | D:7      | Gained mutation: You passively map the area around you. [Deep Dwarf growth]
  5372 | D:7      | Reached XP level 9. HP: 41/81 MP: 9/9
  5429 | D:7      | Got a spiked ring mail
  5430 | D:7      | Identified the +2 ring mail of Gallantry {rN+} (You found it on level 7 of the Dungeon)
  5525 | D:7      | Reached skill level 10 in Maces & Flails
  5529 | D:7      | Noticed a hill giant
  5559 | D:7      | Killed a hill giant
  5594 | D:7      | Reached * piety under Pakellas
  5594 | D:7      | Received a gift from Pakellas
  5778 | D:7      | Found Gycacias's Assorted Antiques.
  5820 | D:7      | Found an ancient bone altar of Kikubaaqudgha.
  5831 | D:7      | Found a blossoming altar of Fedhas.
  5999 | D:7      | Identified a scroll of acquirement
  6302 | D:7      | Bought a runed eveningstar for 390 gold pieces
  6794 | D:8      | Reached ** piety under Pakellas
  6794 | D:8      | Received a gift from Pakellas
  6794 | D:8      | Reached XP level 10. HP: 60/88 MP: 12/12
  6799 | D:8      | Reached skill level 5 in Evocations
  6845 | D:8      | Found a staircase to the Lair.
  6982 | D:8      | Found a burning altar of Makhleb.
  7848 | D:9      | Identified the Handbook of Damaging Toxins
  7943 | D:10     | Entered Level 10 of the Dungeon
  7996 | D:10     | Reached *** piety under Pakellas
  7996 | D:10     | Received a gift from Pakellas
  7996 | D:10     | Reached skill level 10 in Evocations
  8358 | D:10     | Got a garnet-encrusted leather armour
  8371 | D:10     | Identified the +1 leather armour "Nasmuget" {rC+ Str+5} (You found it on level 10 of the Dungeon)
  8501 | D:10     | Reached skill level 5 in Dodging
  8515 | D:10     | Reached **** piety under Pakellas
  8515 | D:10     | Received a gift from Pakellas
  8515 | D:10     | Reached XP level 11. HP: 66/97 MP: 18/18
  8824 | Lair:1   | Entered Level 1 of the Lair of Beasts
  9233 | Lair:1   | Upgraded the game from 0.19-a0-13-gc67dc5e to 0.19-a0-16-g2b77abf
  9252 | Lair:1   | Noticed an eight-headed hydra
  9944 | Lair:2   | Found a shadowy altar of Dithmenos.
 10354 | Lair:2   | Reached skill level 1 in Translocations
 10512 | Lair:3   | Reached skill level 5 in Translocations
 10604 | Lair:3   | Learned a level 2 spell: Cure Poison
 10672 | Lair:3   | Found a staircase to the Snake Pit.
 10754 | Lair:3   | Noticed a four-headed hydra
 10760 | Lair:3   | Killed a four-headed hydra
 11267 | Lair:4   | Reached ***** piety under Pakellas
 11267 | Lair:4   | Received a gift from Pakellas
 11278 | Lair:4   | Noticed a four-headed hydra
 11281 | Lair:4   | Identified a +2 rod of inaccuracy (9/9) (Pakellas gifted it to you on level 4 of the Lair of Beasts)
 11284 | Lair:4   | Killed a four-headed hydra
 11407 | Lair:4   | Reached XP level 12. HP: 34/109 MP: 13/19
 11576 | Lair:4   | Reached skill level 5 in Poison Magic
 11706 | Lair:4   | Found a staircase to the Shoals.
 11835 | Lair:4   | HP: 5/109 [komodo dragon (10)]
 13398 | Lair:6   | Noticed a four-headed hydra
 13403 | Lair:6   | Killed a four-headed hydra
 13599 | Lair:6   | Reached XP level 13. HP: 28/115 MP: 5/21
 13674 | Lair:5   | Reached skill level 5 in Armour
 13785 | Lair:5   | HP: 1/115 [yak (7)]
 14473 | D:3      | Noticed Crazy Yiuf
 14476 | D:3      | Killed Crazy Yiuf
 14590 | D:3      | Killed Kenran's ghost
 15241 | D:11     | Found Casis's Magic Scroll Shop.
 15430 | D:11     | Demolished by a very large slime creature

Vault maps used:
D:1:      zelgadis_glass_arrival_small, hangedman_decor_opposing,
          minmay_misc_feat_room, minmay_fountain_box, supply_closet_lemuel
D:2:      lemuel_crystal_altar, minitemple, hangedman_decor_push
D:3:      grunt_temple_overflow_order_and_chaos_1,
          gammafunk_temple_overflow_wave, old_standard_altar, first_bread,
          ecumenical_altar_2, uniq_crazy_yiuf_cottage
D:4:      kennysheep_ying_yang, minmay_crossroads, uniq_robin, uniq_natasha
D:5:      lemuel_insect_pit, ldierk_geyser
D:6:      tso_metal_star, minmay_temple_entry_overgrown, basic_altar,
          serial_bayou, serial_bayou_pond_e, serial_bayou_ford_a,
          serial_bayou_pond_d, serial_bayou_shore_a, uniq_grinder,
          uniq_prince_ribbit1
D:7:      grunt_temple_overflow_growth_and_decay, serial_shops, kennysheep_mini,
          grunt_ogre_cave
D:8:      bloody_makhleb, grunt_lair_entry_orc_guard_hut, wad_dig_loot
D:11:     serial_shops, nicolae_shop_crystal
D:12:     minmay_dotted_concentric_squares, orc_0_dummy, spider_trap, uniq_snorg
Temple:   hc_temple_tempest_star_small
Lair:1:   beast_lair_carwin_3
Lair:2:   basic_altar
Lair:3:   guppyfry_snake_entry_island, serial_bayou_crossing
Lair:4:   minmay_shoals_entry_lonely_mermaid, guppyfry_lair_drakes
Lair:5:   nicolae_quartered_pool_super, st_stairs_6
Lair:6:   beast_lair_carwin_10

Skill      XL: |  1  2  3  4  5  6  7  8  9 10 11 12 13 |
---------------+----------------------------------------+-----
Maces & Flails | 3 4 5 6 7 9 12 | 12.6
Fighting       | 3 5 7 |  7.4
Dodging        | 1 4 5 7 9 |  9.0
Armour         | 4 7 |  7.3
Shields        | 4 |  4.1
Evocations     | 4 11 12 | 12.2
Translocations | 5 8 |  8.0
Poison Magic   | 4 7 |  7.0

Action                   |  1- 3 |  4- 6 |  7- 9 | 10-12 | 13-15 || total
-------------------------+-------+-------+-------+-------+-------++-------
Melee: Flail             |   129 |    12 |       |       |       ||   141
       Morningstar       |       |    88 |       |       |       ||    88
       Mace              |       |    34 |       |       |       ||    34
       Whip              |       |   121 |   390 |  1030 |   326 ||  1867
       Eveningstar       |       |       |       |       |     8 ||     8
Throw: Tomahawk          |       |       |    19 |    47 |    10 ||    76
 Cast: Cure Poison       |       |       |       |     1 |     1 ||     2
Invok: Quick Charge      |       |       |     1 |    10 |     6 ||    17
       Device Surge      |       |       |       |     3 |       ||     3
 Abil: Device Recharging |       |       |     1 |       |       ||     1
Evoke: Wand              |       |     5 |     5 |    54 |    18 ||    82
       Rod               |       |       |       |     6 |     4 ||    10
  Use: Scroll            |       |    10 |     4 |    12 |     2 ||    28
       Potion            |       |       |     3 |     6 |     1 ||    10
 Stab: Distracted        |       |       |     1 |     1 |       ||     2
  Eat: Chunk             |     2 |     8 |    11 |    14 |     7 ||    42
       Pizza             |       |       |       |     2 |       ||     2
       Bread ration      |       |       |       |     1 |       ||     1
       Meat ration       |       |       |       |     1 |       ||     1
Armor: Scale mail        |    68 |    93 |   107 |   214 |    57 ||   539
Dodge: Dodged            |    38 |    88 |   115 |   313 |   121 ||   675
Block: Shield            |    32 |       |       |       |       ||    32
       Buckler           |    13 |    44 |    59 |   106 |    47 ||   269
